 Dungeon Crawl Stone Soup version 0.27.1-34-g3ba077fa99 (webtiles) character file.

Game seed: 11015308500767970254

240 Arum the Ducker (level 6, -2/47 HPs)
             Began as a Djinni Gladiator on Jan 9, 2022.
             Slain by an ice beast (18 damage)
             ... on level 3 of the Dungeon.
             The game lasted 00:04:57 (2879 turns).

Arum the Ducker (Djinni Gladiator)                  Turns: 2879, Time: 00:04:58

Health: -2/47      AC:  4    Str: 15    XL:     6   Next: 29%
Gold:   87         EV: 17    Int:  9    God:
                   SH:  0    Dex: 15

rFire    + + .     SeeInvis .   a - +0 long sword
rCold    x . .     Faith    +   (no shield)
rNeg     . . .     Spirit   .   b - +0 leather armour
rPois    ∞         Reflect  .   c - +0 helmet
rElec    .         Harm     .   (no cloak)
rCorr    .         Rampage  .   (no gloves)
Will     .....                  (boots unavailable)
Stlth    +.........             f - amulet of faith
HPRegen  0.15/turn              m - +4 ring of evasion
MPRegen  0.00/turn              (no ring)

@: flying
A: sickness immunity, fire resistance 2, cold vulnerability 1, float, innate
caster, hp casting, extra vitality 1
a: no special abilities


You were on level 3 of the Dungeon.
You visited 1 branch of the dungeon, and saw 3 of its levels.

You collected 87 gold pieces.

Inventory:

Hand Weapons
 a - a +0 long sword (weapon)
Armour
 b - a +0 leather armour (worn)
 c - a +0 helmet (worn)
 g - a +0 scale mail
Jewellery
 f - an amulet of faith (around neck)
 m - a +4 ring of evasion (left hand)
Scrolls
 e - a scroll of enchant weapon {unknown}
 i - a scroll of teleportation {unknown}
 k - 3 scrolls of fear {unknown}
 l - a scroll of identify {unknown}
 n - 2 scrolls of immolation {unknown}
Potions
 d - a potion of degeneration {unknown}
 h - a potion of brilliance {unknown}
 j - a potion of cancellation {unknown}


   Skills:
 * Level 3.6 Fighting
 * Level 4.0 Long Blades
 - Level 1.5 Throwing
 * Level 4.7 Dodging
 + Level 1.2 Spellcasting


You had 4 spell levels left.
You knew the following spells:

 Your Spells              Type           Power      Damage    Failure   Level
a - Summon Small Mammal   Summ           8%         N/A       26%         1
b - Wereblood             Tmut           2%         N/A       38%         2
Your spell library was empty.

Dungeon Overview and Level Annotations

Branches:
Dungeon (3/15)

Altars:


Innate Abilities, Weirdness & Mutations

You are immune to sickness and miasma.
You are immune to poison.
Your flesh is very heat resistant. (rF++)
You are vulnerable to cold. (rC-)
You float through the air rather than walking.
You learn spells naturally, not from books.
Your magical power is your life essence.
You have superior vitality. (+4 HP)


Message History

No target in view!
No target in view!
There is an open door, spattered with blood here.
You see here a jackal corpse.
There is an escape hatch in the ceiling here.
You reach down and open the door.
There is an open door here.
Found 14 poisoned darts.
You see here 14 poisoned darts.
An ice beast comes into view.
An ice beast is nearby!
The helpless ice beast fails to defend itself.
You hit the ice beast.
The ice beast is lightly wounded.
The ice beast misses you.
You slash the ice beast!
The ice beast is moderately wounded.
The ice beast hits you. The ice beast freezes you!
You feel a terrible chill!
You hit the ice beast.
The ice beast is heavily wounded.
The ice beast barely misses you. The ice beast completely misses you.
You riposte.
You closely miss the ice beast.
The ice beast is heavily wounded.
You hit the ice beast.
The ice beast is severely wounded.
The ice beast barely misses you.
You hit the ice beast but do no damage.
The ice beast is severely wounded.
The ice beast misses you.
You hit the ice beast but do no damage.
The ice beast is severely wounded.
The ice beast misses you.
You hit the ice beast.
The ice beast is almost dead.
The ice beast closely misses you.
You barely miss the ice beast.
The ice beast is severely wounded.
The ice beast hits you. The ice beast freezes you!
You feel a terrible chill! The ice beast hits you. The ice beast freezes you!!
You feel a terrible chill!
You die...

### .. ##.## ##...#
#..... #...#############
#.#....(.........#
#..@###########.# ##Y##
#######.# ##+# #.....#.#
##...## #.###.#.#
##.....## #.# #...#
##.......###.###.###
.##.........##.....######
...........'............
#.........####...######


You could see an ice beast.

Vanquished Creatures
  An ogre (D:3)
  Terence (D:2)
  Robin (D:2)
  5 adders
  3 dart slugs
  4 endoplasms (D:1)
  2 giant cockroaches (D:2)
  11 goblins
  5 hobgoblins (D:2)
  9 jackals
  6 kobolds
  A quokka (D:1)
  5 ball pythons (D:2)
  6 bats
  3 frilled lizards
  6 rats
69 creatures vanquished.

Notes
Turn   | Place    | Note
-------+----------+-------------------------------------------
     0 | D:1      | Arum the Djinni Gladiator began the quest for the Orb.
     0 | D:1      | Reached XP level 1. HP: 18/18 MP: 0/0
   184 | D:1      | Found a faded altar of an unknown god.
   454 | D:1      | Reached XP level 2. HP: 9/23 MP: 0/0
   925 | D:1      | Reached XP level 3. HP: 27/29 MP: 0/0
   925 | D:1      | Learned a level 1 spell: Summon Small Mammal
  1495 | D:2      | Noticed Terence
  1526 | D:2      | Killed Terence
  1527 | D:2      | Reached XP level 4. HP: 5/34 MP: 0/0
  2017 | D:2      | Noticed Robin
  2048 | D:2      | Killed Robin
  2049 | D:2      | Reached XP level 5. HP: 26/40 MP: 0/0
  2049 | D:2      | Learned a level 2 spell: Wereblood
  2646 | D:3      | Noticed an ogre
  2675 | D:3      | Killed an ogre
  2676 | D:3      | Reached skill level 1 in Spellcasting
  2676 | D:3      | Reached XP level 6. HP: 46/46 MP: 0/0
  2869 | D:3      | Noticed an ice beast
  2879 | D:3      | Slain by an ice beast

Illustrated notes

Levels and vault maps discovered:
D:1:      dpeg_arrival_three_same_balls, layout_basic,
          hellmonk_ecumenical_altar_lost_god, st_stairs_7
D:2:      layout_rooms, serial_glass, glass_columns_c, glass_columns_c,
          item_on_display_a, feat_on_display, feat_on_display, uniq_robin,
          uniq_terence
D:3:      layout_loops_corners, serial_park_tiny_pond,
          kennysheep_generic_room_16

Skill      XL: |  1  2  3  4  5  6 |
---------------+-------------------+-----
Long Blades    | 3 4 |  4.0
Dodging        | 4 |  4.7
Fighting       | 3 |  3.6
Spellcasting   | 1 |  1.2
Throwing       | |  1.5

Action                   |  1- 3 |  4- 6 || total
-------------------------+-------+-------++-------
Melee: Long sword        |    76 |   142 ||   218
Throw: Throwing net      |     2 |     1 ||     3
 Cast: Summon Small Mamm |       |     1 ||     1
  Use: Potion            |       |     1 ||     1
 Stab: Sleeping          |     1 |     1 ||     2
Armor: Leather armour    |    21 |    47 ||    68
Dodge: Dodged            |    54 |   134 ||   188
       Rpst.: Long sword |    15 |    42 ||    57
